 Dungeon Crawl Stone Soup version 0.28.0-1-gb440e238dd (webtiles) character file.

Game seed: 10180447242187184289

204 tilp the Chopper (level 5, 0/45 (47) HPs)
             Began as a Hill Orc Fighter on Feb 19, 2022.
             Slain by Crazy Yiuf (2 damage)
             ... on level 2 of the Dungeon.
             The game lasted 00:01:50 (1479 turns).

tilp the Chopper (Hill Orc Fighter)                 Turns: 1479, Time: 00:01:51

HP:   0/45 (47)     AC:  6    Str: 21    XL:     5   Next: 82%
MP:   1/5           EV:  9    Int:  8    God:
Gold: 32            SH:  6    Dex: 16    Spells: 4/4 levels left

rFire   . . .      SeeInvis .   a - +0 war axe
rCold   . . .      Faith    .   c - +1 buckler
rNeg    . . .      Spirit   .   b - +0 scale mail
rPois   .          Reflect  .   (no helmet)
rElec   .          Harm     .   (no cloak)
rCorr   .          Rampage  .   (no gloves)
Will    .....                   (no boots)
Stlth   ..........              (no amulet)
HPRegen 0.15/turn               i - +6 ring of dexterity
MPRegen 0.09/turn               (no ring)

@: lightly drained
A: no striking features
a: no special abilities


You were on level 2 of the Dungeon.
You visited 1 branch of the dungeon, and saw 2 of its levels.

You collected 32 gold pieces.

Inventory:

Hand Weapons
 a - a +0 war axe (weapon)
Armour
 b - a +0 scale mail (worn)
 c - a +1 buckler (worn)
Jewellery
 e - a +4 ring of evasion
 i - a +6 ring of dexterity (left hand)
Scrolls
 h - a scroll of immolation {unknown}
 j - a scroll of identify {unknown}
Potions
 d - a potion of curing {unknown}
 f - a potion of mutation {unknown}
 g - a potion of lignification {unknown}


   Skills:
 * Level 4.5 Fighting
 * Level 6.4 Axes
 + Level 3.5 Armour
 + Level 0.6 Dodging
 + Level 0.6 Stealth
 + Level 3.5 Shields


You had 4 spell levels left.
You didn't know any spells.
Your spell library was empty.

Dungeon Overview and Level Annotations

Branches:
Dungeon (2/15)

Altars:
Fedhas

Annotations:
D:2 Crazy Yiuf


Message History

You see here a +0 trident.
j - a scroll labelled ZEOWKO EGEDU No target in view!
No target in view!
You feel a little less mighty now.
Found a stone staircase leading down.
Found a stone staircase leading up.
Found a mace.
Found a mace.
You now have 32 gold pieces (gained 6).
No target in view!
No target in view!
Found a mace.
You see here a +0 mace.
Found a mace.
Found a runed translucent door.
Crazy Yiuf shouts!
Crazy Yiuf cries, "Castle!
Flower toodlewoodle unthinkable."
You open the door. You barely miss Crazy Yiuf.
Crazy Yiuf hits you with a +3 quarterstaff of chaos.
You resist with some effort.
Crazy Yiuf hits you with a +3 quarterstaff of chaos!
You feel drained.
You barely miss Crazy Yiuf. Crazy Yiuf hits you but does no damage.
You hit Crazy Yiuf.
Crazy Yiuf is lightly wounded.
Crazy Yiuf hits you with a +3 quarterstaff of chaos!
* * * LOW HITPOINT WARNING * * *
Crazy Yiuf draws strength from your wounds!
You hit Crazy Yiuf but do no damage. Crazy Yiuf barely misses you.
You closely miss Crazy Yiuf.
Crazy Yiuf hits you with a +3 quarterstaff of chaos.
* * * LOW HITPOINT WARNING * * *
You hit Crazy Yiuf.
Crazy Yiuf is moderately wounded.
Crazy Yiuf hits you with a +3 quarterstaff of chaos!
* * * LOW HITPOINT WARNING * * *
You feel your power leaking away.
Crazy Yiuf hits you with a +3 quarterstaff of chaos.
You die...

########♣♣ ###
#....)...♣♣ ♣♣#..)#
#.##......♣♣♣♣@g...#
#.#..).....♣..♣#...#
#.#.##.)..♣.♣♣♣ ###
#.#.####♣♣♣♣♣
#.....# ####.####
#### ##.......# #..#
...#####.#######
##.#
##.#####.#.....# #.#


You could see Crazy Yiuf.

Vanquished Creatures
  Sigmund (D:2)
  A worm (D:2)
  2 dart slugs (D:1)
  2 ball pythons (D:1)
  4 bats
  An endoplasm (D:1)
  2 giant cockroaches (D:1)
  4 goblins
  2 hobgoblins
  11 jackals (D:1)
  3 kobolds (D:1)
  A frilled lizard (D:1)
  3 rats
37 creatures vanquished.

Notes
Turn   | Place    | Note
-------+----------+-------------------------------------------
     0 | D:1      | tilp the Hill Orc Fighter began the quest for the Orb.
     0 | D:1      | Reached XP level 1. HP: 19/19 MP: 1/1
   135 | D:1      | Reached skill level 3 in Axes
   142 | D:1      | Reached XP level 2. HP: 21/27 MP: 2/2
   611 | D:1      | Reached skill level 4 in Axes
   713 | D:1      | Reached XP level 3. HP: 33/33 MP: 3/3
  1228 | D:2      | Reached skill level 5 in Axes
  1362 | D:2      | Noticed Sigmund
  1367 | D:2      | Killed Sigmund
  1368 | D:2      | Reached skill level 6 in Axes
  1368 | D:2      | Reached XP level 4. HP: 41/41 MP: 4/4
  1368 | D:2      | Reached XP level 5. HP: 47/47 MP: 5/5
  1395 | D:2      | Found a blossoming altar of Fedhas.
  1469 | D:2      | Found a runed translucent door.
  1470 | D:2      | Noticed Crazy Yiuf
  1479 | D:2      | HP: 2/45 [Crazy Yiuf (10)]
  1479 | D:2      | Slain by Crazy Yiuf

Illustrated notes

Levels and vault maps discovered:
D:1:      dpeg_arrival_long_road, layout_loops_ring, minmay_shallow_snake_nest
D:2:      layout_loops_cross, basic_altar, serial_shops, nicolae_lakefront_shop,
          kennysheep_pointless_box, minmay_misc_feat_rugged, uniq_sigmund,
          uniq_crazy_yiuf_cottage

Skill      XL: |  1  2  3 |
---------------+----------+-----
Axes           | 3 4 6 |  6.4
Fighting       | 4 |  4.5
Armour         | |  3.5
Dodging        | |  0.6
Stealth        | |  0.6
Shields        | |  3.5

Action                   |  1- 3 |  4- 6 || total
-------------------------+-------+-------++-------
Melee: War axe           |   115 |    10 ||   125
  Use: Scroll            |     3 |       ||     3
       Potion            |     1 |       ||     1
Armor: Scale mail        |    60 |     4 ||    64
Dodge: Dodged            |    55 |     4 ||    59
Block: Buckler           |    33 |     1 ||    34
